 Dungeon Crawl Stone Soup version 0.30.2 (webtiles) character file.

Game seed: 17221630369677331374

73 Nonny the Ducker (level 4, 0/33 HPs)
             Began as a Demonspawn Gladiator on Apr 11, 2024.
             Slain by Terence
             ... wielding a +0 flail
              (3 damage)
             ... on level 2 of the Dungeon on Apr 12, 2024.
             The game lasted 00:07:56 (1932 turns).

Nonny the Ducker (Demonspawn Gladiator)             Turns: 1932, Time: 00:07:56

Health: 0/33       AC:  3    Str: 16    XL:     4   Next: 8%
Magic:  0/4        EV: 14    Int: 10    God:
Gold:   108        SH:  0    Dex: 14    Spells: 3/3 levels left

rFire   . .          .
                       - Unarmed
rCold   . . .        (no shield)
rNeg    . . .        a - +0 leather armour
rPois   .            (helmet restricted)
rElec   .            (no cloak)
rCorr   .            (no gloves)
SInv    .            (no boots)
Will    .....        h - amulet of guardian spirit
Stlth   ++           (no ring)
HPRegen 0.25/turn    (no ring)
MPRegen 0.09/turn

%: guardian spirit
@: no status effects
A: antennae 1, repulsion field 1
a: no special abilities


You were on level 2 of the Dungeon.
You visited 1 branch of the dungeon, and saw 2 of its levels.

You collected 108 gold pieces.

Inventory:

Missiles
 d - a javelin
 f - 12 stones (quivered)
 g - 6 poisoned darts
Armour
 a - a +0 leather armour (worn)
 b - a +0 helmet
Jewellery
 c - an amulet of reflection
 h - an amulet of guardian spirit (around neck)
Scrolls
 e - 2 scrolls of noise {unknown}
 i - 2 scrolls of magic mapping {unknown}


   Skills:
 - Level 2.0 Fighting
 + Level 2.0 Throwing
 + Level 1.6 Armour
 + Level 3.3 Dodging
 - Level 2.0 Stealth
 - Level 2.6 Unarmed Combat


You had 3 spell levels left.
You didn't know any spells.
Your spell library contained the following spells:

 Spells                   Type           Power      Damage    Failure   Level
 Necrotise                Necr           0%         1d4       43%         1
 Ozocubu's Armour         Ice            0%         N/A       80%         3
 Vampiric Draining        Necr           0%         2d6       80%         3
 Agony                    Necr           0%         N/A       100%        5
 Ozocubu's Refrigeration  Ice            0%         4d7       100%        7


Dungeon Overview and Level Annotations

Branches:
Dungeon (2/15)

Altars:

Shops:
D:1 :

Annotations:
D:2 Terence


Innate Abilities, Weirdness & Mutations

You have a pair of small antennae on your head.
You are surrounded by a mild repulsion field. (EV +2)


Message History

The worm bites you.
You hit the worm.
The worm is lightly wounded.
The worm barely misses you.
You barely miss the worm. You barely miss the worm. The worm bites you!
* * * LOW HITPOINT WARNING * * *
You hit the worm.
The worm is lightly wounded.
You hit the worm but do no damage.
The worm is lightly wounded.
The worm bites you.
* * * LOW HITPOINT WARNING * * *
You hit the worm.
The worm is moderately wounded.
The worm closely misses you.
You see here an adder skeleton.
There is a stone staircase leading down here.
Terence closely misses you. Terence attacks as you move away!
Terence hits you with a +0 flail.
* * * LOW HITPOINT WARNING * * *
Terence attacks as you move away! Terence hits you with a +0 flail.
* * * LOW HITPOINT WARNING * * *
Terence attacks as you move away! Terence closely misses you.
Terence attacks as you move away! Terence misses you.
Terence attacks as you move away! Terence completely misses you.
Throw: throwing net
Press: ? - help, Shift-Dir - straight line, f - Terence
Aim: Terence, wielding a +0 flail and wearing a +0 chain mail (68% to hit)
You throw a throwing net. The throwing net barely misses Terence.
Terence barely misses you.
Unknown command.
Okay, then.
Terence attacks as you move away! Terence hits you with a +0 flail!
* * * LOW HITPOINT WARNING * * *
Terence attacks as you move away! Terence hits you with a +0 flail.
* * * LOW HITPOINT WARNING * * *
Terence misses you. Terence attacks as you move away!
Terence hits you with a +0 flail.
You die...

##.###.####..<.......#
#.# #.#
#..#.................#
#.# #.#
##.#.#.####)#.#...####
#.# #.# #....##
#.#.#...# #.# #.#
#.#.######.#.#...# #.#
#.# #....(.......##.##
#.# #>#
#.#.######w####.# #.#
#.# #.#.# #.# #.# #.#
#.# . ..# #.####@#
#.###.# ...###
#.w..@.# #.....# ###
######## #######


You could see Terence and a worm.

Vanquished Creatures
  2 adders (D:2)
  A worm (D:2)
  3 dart slugs (D:1)
  5 endoplasms
  A giant cockroach (D:2)
  3 goblins (D:1)
  5 hobgoblins (D:1)
  3 jackals (D:1)
  3 kobolds
  A quokka (D:1)
  7 ball pythons
  2 bats (D:1)
  A frilled lizard (D:1)
  4 rats (D:1)
41 creatures vanquished.

Notes
Turn   | Place    | Note
-------+----------+-------------------------------------------
     0 | D:1      | Nonny the Demonspawn Gladiator began the quest for the Orb.
     0 | D:1      | Reached XP level 1. HP: 16/16 MP: 1/1
    88 | D:1      | Reached skill level 1 in Stealth
   227 | D:1      | Gained mutation: You have a pair of small antennae on your
                  | head. [demonic ancestry]
   227 | D:1      | Reached XP level 2. HP: 22/22 MP: 2/2
   308 | D:1      | Found Elilyitol's Vocational Training.
   326 | D:1      | 800 gold for invo/evo manuals
   599 | D:1      | Reached skill level 3 in Dodging
   658 | D:1      | Reached XP level 3. HP: 19/27 MP: 3/3
   733 | D:1      | amulet of guardian spirit towards center of floor
   842 | D:1      | Reached skill level 1 in Armour
  1077 | D:1      | Found a faded altar of an unknown god.
  1486 | D:2      | Noticed Terence
  1514 | D:2      | HP: 1/27 [Terence/+0 flail (6)]
  1664 | D:2      | Gained mutation: You are surrounded by a mild repulsion
                  | field. (EV +2) [demonic ancestry]
  1664 | D:2      | Reached XP level 4. HP: 5/33 MP: 0/4
  1669 | D:2      | amulet of reflection
  1932 | D:2      | Slain by Terence

Illustrated notes ######## .......# #######..#...# .............# #.⌠...⌠...# #...@.....# #.⌠...⌠.### ###.......# #.........# #.######### #)#.. #.#.# #.#.# #.#.# Turn 326 on D:1: 800 gold for invo/evo manuals

########'## .. #.........# ..# .
# #.........# .. .# .
#.........# #.####+#.##
#.........# ..#.......
#.........# #.#.....#
#.........# #.#.....+
########'######.......## ######
#........@....... . .....#
#########....###### ######
.....+ ..........# #..... .....#
#####.####.# #...# .....+
.....#.###...#
.....###############.#.#.##....#
............#..............†...#
###########.#.######.#...###...#
..........#.#............# #...#


Turn 733 on D:1: amulet of guardian spirit towards center of floor #.# #.#
####.# #.<..####.. #.........# #....####### ##.#........ #†#.########
#.#.@....... #.########## # ... { # #.# # #.# ### #.# ... #.# Turn 1669 on D:2:
amulet of reflection

Levels and vault maps discovered:
D:1:      tarquinn_simple_flora_water_b, layout_basic,
          ebering_ecumenical_altar_hall, nicolae_shop_vocational
D:2:      layout_loops_ring, serial_shops, nicolae_shop_tiny_statue_garden,
          kennysheep_flooded_box, uniq_terence

Skill      XL: |  1  2  3 |
---------------+----------+-----
Stealth        | 1 2 |  2.0
Throwing       | 2 |  2.0
Dodging        | 3 |  3.3
Armour         | 1 |  1.6
Fighting       | |  2.0
Unarmed Combat | |  2.6

Action                     |  1- 3 |  4- 6 || total
---------------------------+-------+-------++-------
  Melee: Unarmed           |   187 |    23 ||   210
         Punch             |     4 |       ||     4
  Throw: Throwing net      |     3 |     1 ||     4
   Stab: Sleeping          |     3 |     2 ||     5
         Held in net/web   |     1 |       ||     1
 Armour: Leather armour    |    37 |     2 ||    39
  Dodge: Dodged            |    91 |    15 ||   106
